 Dungeon Crawl Stone Soup version 0.30-a0-305-g026cb31310 (webtiles) character file.

Game seed: 8038178134749439096

55184 billz999 the Unseen (level 14, -4/169 HPs)
             Began as a Vampire Earth Elementalist on Oct 22, 2022.
             Was the Champion of Dithmenos.
             Slain by a catoblepas (20 damage)
             ... in a Gauntlet on Oct 23, 2022.
             The game lasted 01:08:12 (22428 turns).

billz999 the Unseen (Vampire Earth Elementalist)   Turns: 22428, Time: 01:08:13

Health: -4/169     AC: 15    Str: 19    XL:     14   Next: 37%
Magic:  23/23      EV: 11    Int: 22    God:    Dithmenos [******]
Gold:   1383       SH:  0    Dex: 10    Spells: 21/26 levels left

rFire   . . .      SeeInvis +    N - +10 dagger "Gell" {vorpal, rC++ rCorr Dex-5 SInv}
rCold   + + +      Faith    .    (no shield)
rNeg    + . .      Spirit   .    n - +4 ring mail {rPois}
rPois   +          Reflect  .    E - +2 hat of the Bells {rN+}
rElec   .          Harm     .    o - +0 cloak {rC+}
rCorr   +          Rampage  .    s - +1 pair of gloves
Will    +....      NoTele   +    x - +0 pair of boots
Stlth   ..........               Y - amulet of the acrobat
HPRegen 0.68/turn                X - +6 ring of strength
MPRegen 0.18/turn                Q - +6 ring of strength

@: berserking, healing quickly, wreathed by umbra, studying Ice Magic, very
quick
A: alive, fangs 3, see invisible, vampiric 2
a: Exsanguinate, Renounce Religion, Shadow Step, Shadow Form


You were in a Gauntlet.
You worshipped Dithmenos.
Dithmenos was exalted by your worship.
You visited 3 branches of the dungeon, and saw 20 of its levels.
You also visited: Gauntlet and Ice Cave.

You collected 1383 gold pieces.

Inventory:

Hand Weapons
 H - a +1 vampiric dagger
 N - the +10 dagger "Gell" (weapon) {vorpal, rC++ rCorr Dex-5 SInv}
   (You found it on level 1 of the Lair of Beasts)

   It inflicts extra damage upon your enemies.
   Dex:       It affects your dexterity (-5).
   rC:        It greatly protects you from cold.
   SInv:      It lets you see invisible.
   rCorr:     It protects you from acid and corrosion.
Missiles
 F - 2 curare-tipped darts
Armour
 k - a +1 helmet
 n - a +4 ring mail of poison resistance (worn)
 o - a +0 cloak of cold resistance (worn)
 s - a +1 pair of gloves (worn)
 w - a +0 pair of gloves
 x - a +0 pair of boots (worn)
 y - a +0 pair of gloves
 E - the +2 hat of the Bells (worn) {rN+}
   (You found it in a Gauntlet)

   rN:        It protects you from negative energy.
 W - a +0 cloak of poison resistance
Jewellery
 d - an amulet of regeneration
 A - a ring of willpower
 C - a ring of fire
 K - an amulet of guardian spirit
 P - an amulet of reflection
 Q - a +6 ring of strength (right hand)
 X - a +6 ring of strength (left hand)
 Y - an amulet of the acrobat (around neck)
Wands
 B - a wand of iceblast (10)
 D - a wand of digging (25)
 R - a wand of charming (3)
 S - a wand of flame (19)
 U - a wand of acid (3)
Scrolls
 a - 2 scrolls of amnesia
 b - 3 scrolls of teleportation
 c - 5 scrolls of identify
 j - 4 scrolls of fear
 p - a scroll of magic mapping
 t - a scroll of brand weapon
 u - 4 scrolls of noise
 I - a scroll of enchant armour
 J - 4 scrolls of silence
 M - 2 scrolls of torment
 O - 5 scrolls of enchant weapon
 T - a scroll of blinking
 V - a scroll of poison
Potions
 e - 3 potions of degeneration
 f - 7 potions of flight
 g - a potion of resistance
 h - a potion of ambrosia
 i - 6 potions of brilliance
 l - 2 potions of haste
 m - 3 potions of lignification
 r - 2 potions of attraction
 z - 2 potions of mutation
 G - 5 potions of curing
 L - 4 potions of might
 Z - 4 potions of magic
Miscellaneous
 q - a phantom mirror


   Skills:
 - Level 11.0 Fighting
 - Level 10.0 Short Blades
 - Level 1.8 Armour
 - Level 2.1 Dodging
 - Level 19.4 Stealth
 - Level 6.6 Spellcasting
 - Level 7.8 Necromancy
 - Level 9.5 Transmutations
 - Level 7.6 Earth Magic
 + Level 6.6 Invocations


You had 21 spell levels left.
You knew the following spells:

 Your Spells              Type           Power      Damage    Failure   Level
a - Sandblast             Erth           80%        2d17      1%          1
b - Petrify               Tmut/Erth      45%        N/A       4%          4

Your spell library contained the following spells:

 Spells                   Type           Power      Damage    Failure   Level
 Sting                    Tmut/Pois      100%       1d8       1%          1
 Passwall                 Tmut/Erth      37%        N/A       1%          2
 Sublimation of Blood     Necr           41%        N/A       1%          2
 Wereblood                Tmut           49%        N/A       1%          2
 Dispel Undead            Necr           41%        3d16      6%          4
 Cigotuvi's Dreadful Rot  Necr/Pois/Air  36%        N/A       8%          2
 Blade Hands              Tmut           24%        N/A       9%          5
 Stone Arrow              Conj/Erth      48%        3d10      10%         3
 Ignite Poison            Fire/Tmut/Pois 21%        N/A       12%         3
 Magic Dart               Conj           28%        1d4       16%         1
 Agony                    Necr           41%        N/A       17%         5
 Call Imp                 Summ           7%         N/A       22%         2
 Poisonous Vapours        Pois/Air       14%        N/A       22%         2
 Dazzling Flash           Conj/Hex       14%        N/A       41%         3
 Gell's Gravitas          Tloc           7%         N/A       41%         3
 Inner Flame              Hex/Fire       7%         N/A       41%         3
 Lesser Beckoning         Tloc           14%        N/A       41%         3
 Mephitic Cloud           Conj/Pois/Air  7%         N/A       41%         3
 Portal Projectile        Hex/Tloc       14%        N/A       41%         3
 Teleport Other           Tloc           7%         N/A       41%         3
 Tukima's Dance           Hex            7%         N/A       41%         3
 Death Channel            Necr           20%        N/A       67%         6
 Flame Wave               Conj/Fire      7%         2d5       83%         4
 Olgreb's Toxic Radiance  Pois           7%         N/A       83%         4
 Passage of Golubria      Tloc           7%         N/A       83%         4
 Summon Ice Beast         Ice/Summ       7%         N/A       83%         4
 Dragon Form              Tmut           24%        N/A       94%         7
 Eringya's Noxious Bog    Tmut/Pois      14%        N/A       97%         6
 Fireball                 Conj/Fire      3%         3d4       99%         5
 Iskenderun's Battlesphe  Conj           7%         2d6       99%         5
 Silence                  Hex/Air        3%         N/A       99%         5
 Summon Mana Viper        Hex/Summ       7%         N/A       99%         5
 Conjure Ball Lightning   Conj/Air       3%         3x3d6     100%        6
 Monstrous Menagerie      Summ           3%         N/A       100%        7
 Orb of Destruction       Conj           3%         9d5       100%        7
 Storm Form               Tmut/Air       14%        N/A       100%        7
 Summon Hydra             Summ           3%         N/A       100%        7
 Lehudib's Crystal Spear  Conj/Erth      12%        10d4      100%        8


Dungeon Overview and Level Annotations

Branches:
Dungeon (14/15)            Temple (0/1) D:5            Lair (5/5) D:8
  Swamp (0/4) Lair:3       Spider (0/4) Lair:3        Slime (0/5) Lair:4
    Orc (1/2) D:11          IceCv (visited)         Gauntlet (1/1)
 Vaults: D:13-14

Altars:
Dithmenos
Fedhas
Gozag
Kikubaaqudgha
Okawaru
Qazlal
Ru
Uskayaw
Vehumet
Wu Jian
Xom
Jiyva

Shops:
D:4 (

Annotations:
D:4 Pikel
D:8 2 transporters, exclusion: oklob plant, sirJeffrey23's ghost, novice FoFi
D:10 3 runed translucent doors, Iusername's ghost, journeyman MiFi
Orc:1 Jorgrun Gauntlet 15 transporters, 21 runed translucent doors


Innate Abilities, Weirdness & Mutations

Your natural rate of healing is accelerated.
You have razor-sharp teeth.
You have supernaturally acute eyesight. (SInv)
You are afflicted with vampirism and can become a bat while bloodless.


Message History

The catoblepas gores you!!
The catoblepas gores you but does no damage. x2
The catoblepas gores you!! The catoblepas gores you.
The catoblepas breathes a plume of calcifying dust at you.
The blast of calcifying dust hits you.
You turn to flesh and can move again.
The catoblepas attacks as you move away!
The catoblepas gores you!
You hit the catoblepas.
The catoblepas is severely wounded.
Your shadow hits the catoblepas but does no damage.
The catoblepas gores you.
You barely miss the catoblepas.
The catoblepas is severely wounded.
Your shadow hits the catoblepas but does no damage.
You hit the catoblepas.
You bite the catoblepas, but do no damage.
The catoblepas is almost dead.
The catoblepas gores you but does no damage.
You hit the catoblepas.
The catoblepas is almost dead.
You hit the catoblepas but do no damage.
The catoblepas is almost dead.
Your shadow hits the catoblepas with a dagger.
The catoblepas gores you!
* * * LOW HITPOINT WARNING * * *
You emit a cloud of dark smoke.
Unknown command.
You feel better. The catoblepas completely misses you.
You hit the catoblepas but do no damage.
The catoblepas is almost dead.
Your shadow hits the catoblepas but does no damage.
You hit the catoblepas but do no damage.
The catoblepas is almost dead.
The catoblepas gores you!!
* * * LOW HITPOINT WARNING * * *
A red film seems to cover your vision as you go berserk!
You feel yourself moving faster!
You feel mighty! The catoblepas gores you!!
You die...

.......©.........©#≈≈8§≈#.#......
#########################.#......
#.#....©....#.#...§.....#.#..####
#.#.##...##.#.#.#§#.#.#.#.#..#8#
#.#.#.###.#.#.#..#.#.#.!#.#..###
#.#..##.##..#.#.#.#.#.#=#.#..#
#.#..).©....#.#§)#§©.#.©#©#..###
#.#..##.##..#.#§#Y#§#.#.###..#8#
#.#.#.###.#.#.#§@#§#.#..#....###
#.#.##...##.#.#§#§#§#.#.#....#
#.#.........#.#§........#..###
#.###########.###########..#8#
.......©.................§.###
.........................§≈#
######.∩.################### #8#
#...# #8# #8# #8# #8# ### #≈∩≈#
### ### ### ###


You could see a catoblepas.

Vanquished Creatures
  A frost giant (D:13)
  A war gargoyle (D:13)
  6 hydras
  A catoblepas (D:12)
  2 boulder beetles
  A centaur warrior (D:13)
  6 two-headed ogres
  2 bog bodies (IceCv)
  2 deep elf pyromancers (D:13)
  An orc knight (D:13)
  2 ugly things
  2 manticores
  3 cyclopes
  10 elephants
  Maurice (D:9)
  Joseph (D:8)
  A black mamba (Lair:4)
  3 ice statues
  A gargoyle (Gauntlet)
  A naga mage (D:10)
  11 cane toads
  A smoke demon (Gauntlet)
  A torpor snail (Lair:4)
  A kobold demonologist (D:12)
  5 komodo dragons
  3 rime drakes
  2 freezing wraiths
  2 unseen horrors (D:11)
  2 ice devils (IceCv)
  2 trolls
  3 polar bears
  A red devil (Gauntlet)
  A hornet (D:13)
  7 blink frogs
  2 shadows
  2 jumping spiders (Lair:3)
  A dire elephant simulacrum (IceCv)
  5 wyverns
  7 basilisks
  4 hogs (D:8)
  A wraith (D:10)
  53 yaks
  6 humans
  Eustachio (D:5)
  6 vampire mosquitoes
  Grum (Lair:1)
  A death yak simulacrum (IceCv)
  2 swamp worms (Lair:3)
  A harpy simulacrum (IceCv)
  16 water moccasins
  Edmund (D:6)
  4 acid dragons
  2 orc warriors
  2 ice beasts (D:7)
  3 black bears
  An ogre (D:6)
  13 wolves
  8 centaurs
  2 lemures
  4 kobold brigands
  8 bullfrogs
  2 gnoll sergeants
  A necrophage (D:6)
  7 earth elementals (D:12)
  2 cane toad simulacra (IceCv)
  7 two-headed ogre simulacra
  4 scorpions
  4 wights (D:8)
  3 elephant simulacra
  6 killer bees (D:8)
  A vampire bat (Lair:4)
  10 howler monkeys
  6 crimson imps
  3 hounds (D:6)
  14 jellies
  7 orc priests
  Jessica (D:2)
  4 iguanas
  7 orc wizards
  3 polar bear simulacra (D:13)
  11 spriggan simulacra
  10 troll simulacra
  A wolf simulacrum (IceCv)
  Robin (D:4)
  10 gnolls
  11 adders
  4 naga simulacra (IceCv)
  3 white imps
  7 ufetubi
  A dart slug (D:2)
  28 orcs
  13 ball pythons
  10 bats
  5 endoplasms
  2 giant cockroaches (D:1)
  13 goblins
  6 hobgoblins
  A jackal (D:2)
  4 quokkas
  3 frilled lizards
  18 kobolds
  3 rats
504 creatures vanquished.

Vanquished Creatures (others)
  28 fungi
  48 plants
76 creatures vanquished.

Grand Total: 580 creatures vanquished

Notes
Turn   | Place    | Note
-------+----------+-------------------------------------------
     0 | D:1      | billz999 the Vampire Earth Elementalist began the quest for
                  | the Orb.
     0 | D:1      | Reached XP level 1. HP: 13/13 MP: 3/3
   212 | D:1      | Reached skill level 4 in Stealth
   260 | D:1      | Reached XP level 2. HP: 19/19 MP: 3/5
   296 | D:1      | You fall into a shaft and drop 1 floor!
   405 | D:2      | Noticed Jessica
   412 | D:2      | Killed Jessica
   413 | D:2      | Reached skill level 5 in Stealth
   413 | D:2      | Gained mutation: You are afflicted with vampirism and can
                  | become a bat while bloodless. [Vampire growth]
   413 | D:2      | Reached XP level 3. HP: 24/24 MP: 2/6
   508 | D:2      | Reached skill level 6 in Stealth
  1019 | D:2      | Reached XP level 4. HP: 30/30 MP: 4/7
  1264 | D:3      | Learned a level 4 spell: Petrify
  1381 | D:3      | Found an ancient bone altar of Kikubaaqudgha.
  1381 | D:3      | Found a shadowy altar of Dithmenos.
  1386 | D:3      | Became a worshipper of Dithmenos the Shadowed
  2174 | D:4      | Noticed Robin
  2178 | D:4      | Noticed a black bear
  2190 | D:3      | Reached XP level 5. HP: 27/35 MP: 3/8
  2240 | D:4      | Noticed a lemure
  2242 | D:4      | Noticed a lemure
  2244 | D:4      | Noticed Pikel
  2247 | D:4      | Noticed a lemure
  2302 | D:3      | Reached * piety under Dithmenos
  2303 | D:3      | Reached skill level 1 in Necromancy
  2432 | D:4      | Noticed a lemure
  2466 | D:2      | Killed a lemure
  2593 | D:4      | Killed a black bear
  2594 | D:4      | Reached XP level 6. HP: 14/41 MP: 3/9
  2667 | D:4      | Found Xalon's Weapon Shoppe.
  2692 | D:4      | Killed Robin
  2861 | D:5      | Entered Level 5 of the Dungeon
  2893 | D:5      | Found a staircase to the Ecumenical Temple.
  3092 | D:5      | Found a stormy altar of Qazlal.
  3482 | D:5      | Reached XP level 7. HP: 33/46 MP: 7/11
  3874 | D:5      | Noticed Eustachio
  3884 | D:5      | Killed Eustachio
  4365 | D:6      | Reached skill level 5 in Necromancy
  4667 | D:6      | Reached XP level 8. HP: 52/52 MP: 8/13
  4714 | D:6      | Reached skill level 5 in Transmutations
  4992 | D:6      | Reached skill level 5 in Earth Magic
  5037 | D:6      | Reached ** piety under Dithmenos
  5079 | D:6      | Got the Almanac of the Transforming Pyromaniac
  5105 | D:6      | Noticed Edmund
  5115 | D:6      | Killed Edmund
  5557 | D:8      | Noticed Joseph
  5562 | D:8      | Noticed sirJeffrey23's ghost (novice FoFi)
  5880 | D:7      | Reached XP level 9. HP: 57/57 MP: 12/16
  5964 | D:7      | Found an ornate altar of the Wu Jian Council.
  6367 | D:8      | Noticed a two-headed ogre
  6381 | D:8      | Killed a two-headed ogre
  6382 | D:8      | Reached skill level 5 in Spellcasting
  6779 | D:8      | Noticed a boulder beetle
  6780 | D:8      | Noticed a two-headed ogre
  6789 | D:8      | Identified the +10 battleaxe of Context {vorpal, rF+}
  7135 | D:8      | Reached skill level 7 in Stealth
  7186 | D:8      | Got the Writings on the Pestilent Pyromaniac
  7237 | D:8      | Reached skill level 1 in Short Blades
  7295 | D:8      | Reached skill level 8 in Stealth
  7295 | D:8      | Reached XP level 10. HP: 61/63 MP: 7/18
  7331 | D:7      | Reached skill level 9 in Stealth
  7508 | D:8      | Found a staircase to the Lair.
  7569 | D:8      | Reached skill level 10 in Stealth
  7752 | D:8      | Killed Joseph
  7752 | D:8      | Reached *** piety under Dithmenos
  7826 | D:8      | Reached skill level 11 in Stealth
  7941 | D:8      | Found a transporter.
  7946 | D:8      | Found a transporter.
  7947 | D:8      | Noticed an oklob plant
  8357 | D:8      | Reached skill level 12 in Stealth
  8754 | D:8      | Noticed a manticore
  8806 | D:8      | Reached skill level 5 in Short Blades
  9158 | D:8      | Reached skill level 13 in Stealth
  9240 | Lair:1   | Entered Level 1 of the Lair of Beasts
  9242 | Lair:1   | Noticed Grum
  9244 | Lair:1   | Killed Grum
  9262 | Lair:1   | Noticed a cane toad
  9265 | Lair:1   | Noticed a cane toad
  9268 | Lair:1   | Killed a cane toad
  9275 | Lair:1   | Killed a cane toad
  9276 | Lair:1   | Reached XP level 11. HP: 68/68 MP: 19/19
  9305 | Lair:1   | Reached skill level 14 in Stealth
  9672 | Lair:1   | Identified the +10 dagger "Gell" {vorpal, rC++ rCorr Dex-5
                  | SInv}
  9684 | Lair:1   | Reached skill level 15 in Stealth
 10228 | Lair:2   | Reached skill level 16 in Stealth
 10369 | Lair:2   | You fall into a shaft and drop 1 floor!
 10453 | Lair:3   | Reached **** piety under Dithmenos
 10628 | Lair:2   | Reached skill level 17 in Stealth
 10650 | Lair:2   | Noticed a death yak
 10976 | Lair:2   | Noticed a death yak
 11005 | Lair:2   | Noticed a six-headed hydra
 11014 | Lair:2   | Reached skill level 18 in Stealth
 11017 | Lair:2   | Killed a six-headed hydra
 11018 | Lair:2   | Reached XP level 12. HP: 74/74 MP: 20/20
 11083 | Lair:2   | Noticed a death yak
 11085 | Lair:2   | Noticed a death yak
 11090 | Lair:2   | Noticed a death yak
 11100 | Lair:2   | Noticed a death yak
 11562 | Lair:3   | Reached skill level 19 in Stealth
 11836 | Lair:3   | Found a hole to the Spider Nest.
 12226 | Lair:3   | Noticed an eight-headed hydra
 12236 | Lair:3   | Killed an eight-headed hydra
 12310 | Lair:3   | Found a staircase to the Swamp.
 12446 | Lair:3   | Noticed a six-headed hydra
 12458 | Lair:3   | Killed a six-headed hydra
 12459 | Lair:3   | Reached skill level 1 in Armour
 12895 | Lair:4   | Noticed a six-headed hydra
 12907 | Lair:4   | Killed a six-headed hydra
 13029 | Lair:4   | Noticed a boulder beetle
 13032 | Lair:4   | Reached skill level 1 in Fighting
 13039 | Lair:4   | Killed a boulder beetle
 13332 | Lair:4   | Noticed a five-headed hydra
 13564 | Lair:4   | Noticed a five-headed hydra
 13571 | Lair:4   | Killed a five-headed hydra
 13641 | Lair:4   | Killed a five-headed hydra
 13641 | Lair:4   | Reached ***** piety under Dithmenos
 13642 | Lair:4   | Reached skill level 5 in Fighting
 13885 | Lair:4   | Found a staircase to the Slime Pits.
 13886 | Lair:4   | Found a viscous altar of Jiyva.
 13999 | Lair:4   | Reached XP level 13. HP: 93/93 MP: 16/22
 14751 | Lair:5   | Entered Level 5 of the Lair of Beasts
 15173 | D:9      | Noticed Maurice
 15523 | D:9      | Found a sacrificial altar of Ru.
 15574 | D:9      | Found a blossoming altar of Fedhas.
 15615 | D:9      | Killed Maurice
 15919 | D:10     | Entered Level 10 of the Dungeon
 15957 | D:10     | Found a radiant altar of Vehumet.
 16149 | D:10     | Found a runed translucent gate.
 16149 | D:10     | Found a runed translucent gate.
 16149 | D:10     | Found a runed translucent gate.
 16610 | D:10     | Found an opulent altar of Gozag.
 16619 | D:10     | Found a hide-covered altar of Uskayaw.
 16652 | D:10     | Identified the +2 whip "Ammaijem" {antimagic, Str+6}
 16856 | D:10     | Found an iron altar of Okawaru.
 16874 | D:10     | Found a shimmering altar of Xom.
 17172 | D:10     | Noticed Iusername's ghost (journeyman MiFi)
 17294 | D:11     | Found a staircase to the Orcish Mines.
 18070 | Orc:1    | Entered Level 1 of the Orcish Mines
 18070 | Orc:1    | Noticed Jorgrun
 18181 | D:12     | Reached skill level 1 in Invocations
 18300 | D:12     | Reached skill level 10 in Short Blades
 18500 | D:12     | Reached skill level 10 in Fighting
 18521 | D:12     | Reached ****** piety under Dithmenos
 19406 | D:13     | Found a frozen archway.
 19433 | IceCv    | Entered an ice cave
 19964 | IceCv    | Reached XP level 14. HP: 96/111 MP: 19/23
 21096 | D:13     | Reached skill level 5 in Invocations
 21099 | D:13     | Noticed a frost giant
 21100 | D:13     | Noticed a war gargoyle
 21103 | D:13     | Killed a frost giant
 21104 | D:13     | Killed a war gargoyle
 21762 | D:14     | Found a gate leading to a gauntlet.
 21778 | Gauntlet | Entered a Gauntlet
 21778 | Gauntlet | Found a transporter.
 21788 | Gauntlet | Found a transporter.
 21803 | Gauntlet | Found a transporter.
 21808 | Gauntlet | Found a transporter.
 21825 | Gauntlet | Found a transporter.
 21843 | Gauntlet | Found a transporter.
 21855 | Gauntlet | Found a transporter.
 21863 | Gauntlet | Found a transporter.
 21863 | Gauntlet | Found a transporter.
 21877 | Gauntlet | Found a transporter.
 21892 | Gauntlet | Found a transporter.
 21900 | Gauntlet | Noticed a reaper
 21904 | Gauntlet | Found a transporter.
 21921 | Gauntlet | Found a transporter.
 21939 | Gauntlet | Found a transporter.
 21941 | Gauntlet | Found a transporter.
 21943 | Gauntlet | Found a runed translucent gate.
 21943 | Gauntlet | Found a runed translucent gate.
 21943 | Gauntlet | Found a runed translucent gate.
 21951 | Gauntlet | Found a large runed translucent door.
 21951 | Gauntlet | Found a large runed translucent door.
 21951 | Gauntlet | Found a large runed translucent door.
 21951 | Gauntlet | Found a large runed translucent door.
 21952 | Gauntlet | Found a large runed translucent door.
 21952 | Gauntlet | Found a large runed translucent door.
 21953 | Gauntlet | Found a large runed translucent door.
 21953 | Gauntlet | Found a large runed translucent door.
 21954 | Gauntlet | Found a large runed translucent door.
 21954 | Gauntlet | Found a large runed translucent door.
 21954 | Gauntlet | Found a runed translucent door.
 21954 | Gauntlet | Found a runed translucent door.
 21955 | Gauntlet | Found a large runed translucent door.
 21956 | Gauntlet | Found a large runed translucent door.
 21965 | Gauntlet | Found a large runed translucent door.
 21965 | Gauntlet | Found a large runed translucent door.
 21966 | Gauntlet | Found a large runed translucent door.
 21967 | Gauntlet | Found a large runed translucent door.
 21967 | Gauntlet | Found a transporter.
 21969 | Gauntlet | Found a transporter.
 22081 | Gauntlet | Found a transporter.
 22341 | Gauntlet | Identified the +2 hat of the Bells {rN+}
 22428 | Gauntlet | Slain by a catoblepas

Illustrated notes

Levels and vault maps discovered:
D:1:      ncdulo_wetmaze, layout_basic
D:2:      layout_loops_ring, st_stairs_10, dk_noncrumbling_3, hex_large,
          amcnicky_mini_corridor_feature, minmay_small_reverse_x, uniq_jessica
D:3:      layout_loops_cross, nicolae_overflow_two_pavilions,
          minmay_snake_closets
D:4:      layout_cave_pools, serial_shops, shop, minmay_ruptured, uniq_pikel,
          uniq_robin
D:5:      layout_basic, mainiacjoe_overflow_boulevard, minmay_temple_entry_tees,
          nicolae_zen_rock_garden, uniq_eustachio
D:6:      layout_basic, minivault_26, lightli_orcish_oven, uniq_edmund
D:7:      layout_cave_pools, nicolae_wu_jian_glorious_leap
D:8:      layout_layer_cave, minmay_lair_entry_grove, nzn_ghost_randoct,
          minmay_strange_pillars, grunt_livestock,
          chequers_serial_rivers_micro_a, uniq_joseph
D:9:      layout_long_grid, mainiacjoe_overflow_catwalk, fedhas_ov_isle_minmay,
          uniq_maurice
D:10:     layout_irregular_city, led_xom_imps, kennysheep_little_box,
          mainiacjoe_overflow_swirl, mainiacjoe_overflow_paths,
          gammafunk_ghost_spectres, minmay_librarian
D:11:     layout_gridville, david_orc_3
D:12:     layout_loops_ring, kennysheep_cluttered_room,
          hangedman_cracks_in_the_wall
D:13:     minmay_mutant_horseshoe, layout_basic, grunt_vaults_entry_tiered,
          portal_ice_cave_entry_ice_simulacra, kennysheep_nondescript,
          david_greed
D:14:     layout_irregular_city, gauntlet_entry_generic, lightli_airlock
Lair:1:   dreamdust_cave_troll, layout_misc_corridors, uniq_grum
Lair:2:   layout_small_grid, grunt_megastairs_5
Lair:3:   layout_chaotic_city, palyth_hydra_swamp_entry, spider_nest_entry_a,
          grunt_forest_small_clearings
Lair:4:   layout_long_grid, minmay_slime_entry_jelly_boxes, roderic_batcave,
          grunt_forest_stairs_basic, chequers_serial_rivers_room_a,
          wad_woods_road_05
Lair:5:   minmay_lair_end_enchanted_forest, layout_cave_pods
Orc:1:    layout_diamond_mine, gammafunk_ghost_cemetery, uniq_jorgrun,
          uniq_nergalle
Gauntlet: gammafunk_gauntlet_one_two_three [gammafunk_gauntlet_arena_corners,
          minmay_gauntlet_arena_make_your_own_arena,
          gammafunk_gauntlet_arena_grid, gammafunk_gauntlet_arena_split_diamond,
          nicolae_gauntlet_arena_blocks, gammafunk_gauntlet_arena_spirals,
          gammafunk_gauntlet_arena_split_x, gammafunk_gauntlet_arena_crates,
          nicolae_gauntlet_swirl, dreamdust_gauntlet_exit_labyrinth]

Skill      XL: |  1  2  3  4  5  6  7  8  9 10 11 12 13 14 |
---------------+-------------------------------------------+-----
Stealth        | 4 5 6 8 13 18 19 | 19.4
Transmutations | 3 4 6 8 9 |  9.5
Necromancy     | 2 3 5 6 7 |  7.8
Spellcasting   | 3 4 5 6 |  6.6
Earth Magic    | 4 5 6 7 |  7.6
Short Blades   | 1 6 8 9 10 | 10.0
Armour         | 1 |  1.8
Fighting       | 5 10 11 | 11.0
Invocations    | 3 6 |  6.6
Dodging        | |  2.1

Action                   |  1- 3 |  4- 6 |  7- 9 | 10-12 | 13-15 || total
-------------------------+-------+-------+-------+-------+-------++-------
Melee: Dagger            |     2 |    36 |    60 |   366 |   543 ||  1007
       Bite              |       |     5 |     8 |    63 |    90 ||   166
       Punch             |       |     1 |       |     3 |     7 ||    11
 Fire: Sling             |     4 |       |       |       |       ||     4
 Cast: Sandblast         |    37 |   126 |   131 |    80 |   169 ||   543
       Petrify           |       |       |    31 |   129 |    82 ||   242
Evoke: Wand              |       |       |     1 |    15 |     4 ||    20
  Use: Scroll            |     2 |     7 |       |    19 |     6 ||    34
       Potion            |       |     5 |     1 |     5 |     8 ||    19
 Stab: Sleeping          |     2 |     2 |     2 |    19 |    43 ||    68
       Petrified         |       |       |    35 |    59 |    30 ||   124
       Petrifying        |       |       |     6 |    29 |    20 ||    55
       Invisible         |       |       |       |       |     2 ||     2
Armor: Robe              |     3 |    17 |    46 |    41 |       ||   107
       Ring mail         |       |       |       |   123 |   217 ||   340
Dodge: Dodged            |     2 |    89 |   100 |   239 |   281 ||   711

Table legend: (Time is in decaauts)
 A = Elapsed time spent in this place.
 B = Non-inter-level travel time spent in this place.
 C = Inter-level travel time spent in this place.
 D = Time resting spent in this place.
 E = Time spent auto-exploring this place.
 F = Levels seen in this place.
 G = Mean time per level.
                   A        B        C        D        E       F      G
               +--------+--------+--------+--------+--------+-----+--------+
         Total |  22368 |  21412 |    956 |   2391 |  14674 |  22 | 1016.7 |
       Dungeon |  14864 |  14193 |    671 |   1314 |  10344 |  14 | 1061.7 |
          Lair |   5671 |   5387 |    284 |    811 |   3399 |   5 | 1134.2 |
  Orcish Mines |      2 |      2 |      0 |      0 |      0 |   1 |    2.0 |
      Ice Cave |   1198 |   1198 |      0 |    266 |    556 |   1 | 1198.0 |
      Gauntlet |    631 |    631 |      0 |      0 |    374 |   1 |  631.0 |
               +--------+--------+--------+--------+--------+-----+--------+

Top non-repeatable levels by time:
     D:8: 2677 daAuts
  Lair:3: 1984 daAuts
  Lair:4: 1697 daAuts
     D:5: 1501 daAuts
     D:6: 1368 daAuts
     D:3: 1334 daAuts
    D:10: 1263 daAuts
    D:12: 1213 daAuts
   IceCv: 1198 daAuts
    D:13: 1054 daAuts
  Lair:2: 1036 daAuts
     D:2: 1024 daAuts
     D:7: 1014 daAuts
  Lair:1: 928 daAuts
    D:11: 865 daAuts
